AoeStats
← DaTuRa

Arena

509709867Analyzed
4v4 RM · 5d ago on Sep 27, 2026· 49m 54s· 8 players
Game mode
Random Map
Map size
Large (8 player)
Population
200
Speed
Normal
Resources
Standard
Victory
Conquest
Starting age
Dark Age
Ending age
Imperial Age
RankedLock teamsTeams togetherTeam positionsShared explorationLock speedFull tech treeHidden civsTurbo modeCheats
Victory
Defeat
🇹🇷 Mongols · Türkiye
1500
+13
🇹🇷 Bulgarians · Türkiye
1466
+14
🇹🇷 Khmer · Türkiye
1385
+17
🇹🇷 Persians · Türkiye
1338
+18
🇩🇪 Dravidians · Germany
1446
-17
🇩🇪 Jurchens · Germany
1432
-16
🇬🇧 Persians · United Kingdom
1397
-15
🇧🇷 Bohemians · Brazil
1385
-14
willrhyd
8:31 Feudal Age
8:57 Double-Bit Axe
9:43 Horse Collar
14:40 Wheelbarrow
17:32 Castle Age
18:24 Bow Saw
18:15 Heavy Plow
21:18 Hand Cart
21:28 Loom
24:52 Loom
28:22 Imperial Age
26:01 Scale Barding Armor
26:06 Forging
26:09 Bloodlines
26:00 Husbandry
27:09 Chain Barding Armor
27:13 Gold Mining
28:04 Cavalier
28:48 Cavalier
28:48 Heavy Camel Rider
30:40 Plate Barding Armor
31:58 Savar
33:50 Conscription
34:16 Fletching
34:26 Padded Archer Armor
34:34 Kamandaran
34:26 Town Watch
35:52 Chemistry
35:55 Crossbowman
36:41 Thumb Ring
37:50 Bodkin Arrow
39:09 Leather Archer Armor
39:26 Ballistics
42:35 Light Cavalry
JinSoo
10:45 Feudal Age
14:22 Castle Age
12:12 Horse Collar
12:49 Double-Bit Axe
15:58 Bow Saw
17:22 Heavy Plow
19:03 Loom
19:05 Town Watch
22:38 Wheelbarrow
23:55 Fletching
24:11 Gold Mining
25:22 Bodkin Arrow
27:42 Padded Archer Armor
28:02 Hand Cart
30:47 Imperial Age
29:21 Leather Archer Armor
29:48 Ballistics
29:14 Elite Skirmisher
31:12 Thumb Ring
31:10 Husbandry
31:30 Bracer
30:51 Elite Elephant Archer
33:00 Chemistry
33:14 Two-Man Saw
32:51 Conscription
33:34 Ring Archer Armor
41:01 Stone Mining
43:28 Masonry
Raffgin58
11:30 Feudal Age
12:15 Double-Bit Axe
15:03 Castle Age
12:58 Horse Collar
14:13 Gold Mining
18:59 Bow Saw
20:41 Loom
21:33 Wheelbarrow
21:15 Heavy Plow
22:18 Stone Mining
29:36 Imperial Age
27:20 Scale Mail Armor
27:08 Gambesons
27:59 Hand Cart
28:12 Squires
27:58 Arson
29:50 Forging
29:56 Chain Mail Armor
29:44 Elite Fire Lancer
30:49 Conscription
31:07 Iron Casting
31:05 Crop Rotation
31:43 Two-Man Saw
33:06 Gold Shaft Mining
33:55 Blast Furnace
32:22 Pikeman
33:19 Halberdier
42:09 Man-at-Arms
[LCDR]Hilstinho
6:03 Loom
8:55 Feudal Age
15:10 Castle Age
13:16 Horse Collar
21:29 Double-Bit Axe
26:22 Fortified Wall
26:40 Pikeman
30:48 Imperial Age
28:38 Squires
29:38 Bow Saw
29:39 Forging
31:21 Iron Casting
30:45 Town Watch
31:23 Scale Mail Armor
31:04 Halberdier
32:02 Arson
33:43 Chain Mail Armor
35:50 Chemistry
35:53 Blast Furnace
35:29 Conscription
38:33 Fletching
livulove
8:50 Feudal Age
12:50 Castle Age
11:06 Double-Bit Axe
11:32 Horse Collar
14:22 Bow Saw
20:44 Heavy Plow
22:43 Wheelbarrow
24:19 Hand Cart
24:25 Gold Mining
27:35 Imperial Age
26:18 Gold Shaft Mining
26:08 Fletching
26:10 Stone Mining
26:18 Town Watch
26:19 Loom
26:54 Bodkin Arrow
27:35 Padded Archer Armor
28:19 Ballistics
28:23 Bracer
28:44 Conscription
29:44 Chemistry
29:03 Leather Archer Armor
30:15 Parthian Tactics
30:24 Husbandry
30:35 Bloodlines
30:38 Thumb Ring
30:02 Elite Mangudai
30:54 Onager
32:39 Siege Engineers
32:39 Siege Onager
Ramci
10:19 Feudal Age
14:15 Castle Age
12:46 Horse Collar
13:04 Double-Bit Axe
16:35 Bow Saw
20:40 Loom
23:21 Wheelbarrow
29:54 Imperial Age
27:28 Gold Mining
27:29 Stone Mining
27:40 Heavy Plow
28:20 Fletching
28:31 Padded Archer Armor
28:52 Ballistics
29:09 Hand Cart
28:41 Town Watch
28:44 Pikeman
29:25 Squires
29:38 Bodkin Arrow
29:42 Murder Holes
30:15 Bloodlines
30:05 Husbandry
29:32 Cavalier
30:24 Forging
30:19 Scale Barding Armor
31:15 Two-Man Saw
30:46 Crop Rotation
29:56 Halberdier
31:33 Iron Casting
31:41 Kamandaran
32:55 Blast Furnace
31:56 Scale Mail Armor
33:30 Chain Mail Armor
34:27 Chemistry
33:13 Crossbowman
34:25 Leather Archer Armor
35:26 Ring Archer Armor
35:23 Conscription
35:10 Thumb Ring
36:08 Plate Mail Armor
38:11 Elite Skirmisher
39:45 Chain Barding Armor
39:05 Light Cavalry
42:01 Coinage
41:42 Guilds
42:53 Hussar
42:54 Savar
44:19 Elite War Elephant
47:18 Capped Ram
DaTuRa
9:20 Feudal Age
11:00 Loom
13:53 Castle Age
14:07 Double-Bit Axe
21:36 Bow Saw
21:06 Horse Collar
22:20 Heavy Plow
23:40 Forging
25:13 Iron Casting
25:58 Wheelbarrow
26:23 Scale Mail Armor
26:52 Scale Barding Armor
30:08 Chain Barding Armor
30:04 Chain Mail Armor
33:24 Imperial Age
31:56 Fletching
32:03 Stirrups
32:03 Gambesons
32:21 Squires
32:11 Gambesons
33:29 Husbandry
33:39 Bloodlines
34:46 Conscription
35:29 Blast Furnace
35:00 Plate Mail Armor
35:06 Plate Barding Armor
36:23 Bagains
37:24 Elite Konnik
39:24 Hand Cart
39:00 Gold Mining
39:01 Stone Mining
38:59 Capped Ram
47:22 Coinage
49:00 Banking
49:44 Pikeman
BLACK EAGLE
11:20 Feudal Age
14:43 Castle Age
12:59 Double-Bit Axe
12:56 Horse Collar
15:56 Bow Saw
15:48 Heavy Plow
20:30 Wheelbarrow
25:36 Loom
26:07 Hand Cart
25:38 Town Watch
26:17 Gold Mining
27:22 Scale Barding Armor
28:22 Town Patrol
30:57 Imperial Age
29:13 Gold Shaft Mining
28:58 Forging
29:34 Chain Barding Armor
29:52 Tusk Swords
30:04 Town Patrol
30:27 Husbandry
30:37 Bloodlines
31:19 Iron Casting
32:41 Plate Barding Armor
33:08 Blast Furnace
32:16 Elite Battle Elephant
37:04 Heavy Scorpion
39:25 Chemistry
38:48 Ballistics
39:11 Siege Engineers
39:11 Double Crossbow
Connection lost

Rejoining the realm…

Still unreachable

The connection could not be restored.

Session expired

The server has moved on; the page needs a fresh start.